 Dungeon Crawl Stone Soup version 0.29.1-1-gd02db6906a (webtiles) character file.

Game seed: 14255110429665893008

415 sankara the Ruffian (level 6, 0/61 HPs)
             Began as a Troll Monk on Oct 15, 2022.
             Slain by a killer bee (2 damage)
             ... on level 4 of the Dungeon.
             The game lasted 00:06:41 (3104 turns).

sankara the Ruffian (Troll Monk)                    Turns: 3104, Time: 00:06:42

Health: 0/61       AC:  4    Str: 20    XL:     6   Next: 60%
Magic:  0/5        EV: 11    Int:  6    God:
Gold:   306        SH:  0    Dex: 14    Spells: 5/5 levels left

rFire   . . .      SeeInvis .     - Unarmed
rCold   . . .      Faith    .   (no shield)
rNeg    . . .      Spirit   +   a - +0 robe
rPois   +          Reflect  .   (helmet restricted)
rElec   .          Harm     .   (no cloak)
rCorr   .          Rampage  .   (gloves unavailable)
Will    .....                   (boots unavailable)
Stlth   ++........              x - amulet of guardian spirit
HPRegen 1.00/turn               k - ring of poison resistance
MPRegen 0.09/turn               (no ring)

@: lethally poisoned (0 -> -1)
A: large, unfitting armour, claws 3, regeneration 1, shaggy fur 1, tough skin 1
a: no special abilities


You were on level 4 of the Dungeon.
You visited 1 branch of the dungeon, and saw 5 of its levels.

You collected 306 gold pieces.

Inventory:

Hand Weapons
 e - a +0 sling
Missiles
 c - 39 stones
 p - 4 large rocks (quivered)
 z - 6 boomerangs
Armour
 a - a +0 robe (worn)
Jewellery
 k - a ring of poison resistance (left claw)
 x - an amulet of guardian spirit (around neck)
 A - a +6 ring of strength
Scrolls
 d - a scroll of teleportation {unknown}
 f - 2 scrolls of fear {unknown}
 g - a scroll of brand weapon {unknown}
 i - a scroll of magic mapping {unknown}
 j - 2 scrolls of vulnerability {unknown}
 n - 3 scrolls of identify {unknown}
 o - 2 scrolls of amnesia {unknown}
 r - a scroll of enchant armour {unknown}
 v - a scroll of summoning {unknown}
 y - 2 scrolls of poison {unknown}
Potions
 b - a potion of ambrosia
 h - a potion of attraction {unknown}
 l - 2 potions of curing {unknown}
 m - a potion of cancellation {unknown}
 q - a potion of flight {unknown}
 s - a potion of haste {unknown}
 t - a potion of might {unknown}
 u - a potion of invisibility {unknown}
 w - a potion of brilliance {unknown}
 B - a potion of lignification {unknown}


   Skills:
 + Level 3.6 Fighting
 + Level 1.9 Throwing
 + Level 3.5 Dodging
 - Level 1.0 Stealth
 * Level 5.4 Unarmed Combat


You had 5 spell levels left.
You didn't know any spells.
Your spell library contained the following spells:

 Spells                   Type           Power      Damage    Failure   Level
 Sandblast                Erth           0%         2d4       45%         1
 Passwall                 Tmut/Erth      0%         N/A       58%         2
 Stone Arrow              Conj/Erth      0%         3d7       83%         3
 Airstrike                Air            0%         2d(0-16)  99%         4
 Summon Lightning Spire   Summ/Air       0%         N/A       99%         4
 Lightning Bolt           Conj/Air       0%         1d11      100%        5


Dungeon Overview and Level Annotations

Branches:
Dungeon (5/15)
 Temple: D:4-7

Altars:
Gozag
Kikubaaqudgha
Makhleb
Nemelex Xobeh
Ru
Sif Muna

Shops:
D:1 *   D:2 =


Innate Abilities, Weirdness & Mutations

You are too large for most types of armour.
You have claws for hands.
Your natural rate of healing is unusually fast.
You are covered in fur. (AC +1)
You have tough skin. (AC +1)


Message History

The killer bee stings you.
The killer bee stings you but does no damage.
You climb upwards.
There is a stone staircase leading down here.
Unknown command.
The killer bee stings you!
* * * LOW HITPOINT WARNING * * *
The killer bee misses you. The killer bee stings you!
* * * LOW HITPOINT WARNING * * *
You claw the killer bee!
The killer bee is heavily wounded.
The killer bee misses you.
You closely miss the killer bee.
The killer bee is heavily wounded.
The killer bee closely misses you. The killer bee stings you.
* * * LOW HITPOINT WARNING * * *
You are poisoned.
The killer bee poisons you!
You closely miss the killer bee.
The killer bee is heavily wounded.
You feel sick. The killer bee barely misses you.
The killer bee stings you but does no damage.
You barely miss the killer bee.
The killer bee is heavily wounded.
You feel sick. The killer bee stings you.
* * * LOW HITPOINT WARNING * * *
The killer bee closely misses you.
You claw the killer bee!
You kill the killer bee!
You feel sick. The killer bee barely misses you.
You closely miss the killer bee. The killer bee stings you.
* * * LOW HITPOINT WARNING * * *
You barely miss the killer bee.
You feel sick. The killer bee stings you.
* * * LOW HITPOINT WARNING * * *
The killer bee barely misses you.
You miss the killer bee.
You feel sick.
The killer bee stings you but does no damage.
The killer bee stings you.
You die...

#<......# #......#.......#...
######### ###......#...######
#################...# #
#####........####.......# #
##..........)..........#.# #
#..###........####.##.##.# #
#.####'##.....####....._.# #
###.###8.8##....##.†....##### #
#...##.....##...@y>.........# #
#.###8.....8##..###########.#####
#.##..†......##.# #........##..
#.#8.........8#.# #........##..
#.'...........+.# #........##..
###8....)....8#[# #...........#
##.........##.# #.......###.#
##8.....8##..# #.......# #.#
##.....###.## #.......# #.#


You could see a killer bee.

Vanquished Creatures
  3 killer bees (D:4)
  A jelly (D:4)
  An orc priest (D:4)
  Terence (D:3)
  2 orc wizards
  4 adders
  A dart slug (D:2)
  2 worms (D:4)
  8 orcs
  8 endoplasms
  9 giant cockroaches (D:3)
  9 goblins
  7 hobgoblins
  9 jackals
  4 quokkas
  9 ball pythons
  3 bats
  4 frilled lizards
  8 kobolds
  4 rats
97 creatures vanquished.

Vanquished Creatures (others)
  2 plants (D:1)
2 creatures vanquished.

Grand Total: 99 creatures vanquished

Notes
Turn   | Place    | Note
-------+----------+-------------------------------------------
     0 | D:1      | sankara the Troll Monk began the quest for the Orb.
     0 | D:1      | Reached XP level 1. HP: 22/22 MP: 0/0
   145 | D:1      | Reached XP level 2. HP: 29/29 MP: 1/1
   170 | D:1      | Found Cyngusy's General Store.
   261 | D:1      | Found a faded altar of an unknown god.
   735 | D:1      | Reached XP level 3. HP: 36/36 MP: 2/2
   920 | D:2      | Found a shimmering blue altar of Sif Muna.
  1080 | D:2      | Found Sumoikh's Jewellery Shoppe.
  1575 | D:2      | Reached skill level 4 in Unarmed Combat
  1629 | D:2      | Reached XP level 4. HP: 42/44 MP: 3/3
  1991 | D:3      | Noticed Terence
  2000 | D:3      | Killed Terence
  2001 | D:3      | Reached XP level 5. HP: 47/53 MP: 4/4
  2099 | D:3      | Found a burning altar of Makhleb.
  2100 | D:3      | Found a sacrificial altar of Ru.
  2261 | D:3      | Found a sparkling altar of Nemelex Xobeh.
  2340 | D:4      | Found an ancient bone altar of Kikubaaqudgha.
  2472 | D:4      | Reached skill level 1 in Throwing
  2535 | D:4      | Reached skill level 5 in Unarmed Combat
  2535 | D:4      | Reached XP level 6. HP: 55/61 MP: 3/5
  2658 | D:4      | Found an opulent altar of Gozag.
  2964 | D:5      | Entered Level 5 of the Dungeon
  3102 | D:4      | HP: 3/61 [killer bee (5)]
  3104 | D:4      | Slain by a killer bee

Illustrated notes

Levels and vault maps discovered:
D:1:      denvon_arrival_planthouse, layout_basic,
          hellmonk_ecumenical_altar_dog_temple, serial_shops,
          nicolae_shop_crystal
D:2:      minmay_chambers_of_twos, layout_basic, basic_altar, serial_shops, shop
D:3:      minmay_roachtagon, layout_rooms, nemelex_dance_club_becter,
          nicolae_overflow_hidden_temple, minmay_close_crescents, uniq_terence
D:4:      layout_basic, kiku_gazebo_pond_becter, overflow_temple_1_default,
          dk_noncrumbling_4
D:5:      layout_rooms, minmay_temple_entry_proselytizer, minmay_bent

Skill      XL: |  1  2  3  4  5 |
---------------+----------------+-----
Unarmed Combat | 4 5 |  5.4
Fighting       | 3 |  3.6
Dodging        | 3 |  3.5
Throwing       | 1 |  1.9
Stealth        | |  1.0

Action                   |  1- 3 |  4- 6 || total
-------------------------+-------+-------++-------
Melee: Unarmed           |   125 |   142 ||   267
       Punch             |     2 |     4 ||     6
 Stab: Sleeping          |     5 |     2 ||     7
Armor: Robe              |    44 |    52 ||    96
Dodge: Dodged            |    64 |    90 ||   154
